 Dungeon Crawl Stone Soup version 0.25-a0-424-g80bd347 (webtiles) character file.

Game seed: 9148861736104564973, levelgen mode: deterministic

7161 BlueFish the Grappler (level 11, 0/74 HPs)
             Began as an Octopode Transmuter on Jan 21, 2020.
             Slain by a troll (11 damage)
             ... on level 10 of the Dungeon.
             The game lasted 00:30:55 (12004 turns).

BlueFish the Grappler (Octopode Transmuter)        Turns: 12004, Time: 00:30:56

Health: 0/74       AC:  7    Str: 13    XL:     11   Next: 10%
Magic:  26/28      EV: 24    Int: 16    God:
Gold:   527        SH:  5    Dex: 17    Spells: 11/21 levels left

rFire    + . .     SeeInvis .     - Unarmed
rCold    + + .     Gourm    .   (shield currently unavailable)
rNeg     . . .     Faith    .   (helmet currently unavailable)
rPois    x         Spirit   .   u - +5 amulet of reflection
rElec    .         Reflect  +   h - ring of protection from cold
rCorr    .         Harm     .   j - ring of magical power
MR       +....                  n - ring of protection from magic
Stlth    +++.......             s - ring of protection from fire
HPRegen  0.22/turn              x - +3 ring of protection
MPRegen  0.21/turn              I - ring "Tebos" {rC+ AC+2}
                                (no ring)
                                (no ring)

@: spider-form, studying Axes
A: tiny, almost no armour, stealthy swim, (amphibious), 8 rings, (constrict 8)
a: End Transformation


You were on level 10 of the Dungeon.
You were near starving.
You were a venomous arachnid creature.
You visited 1 branch of the dungeon, and saw 10 of its levels.
You also visited: Sewer.

You collected 527 gold pieces.

Inventory:

Hand Weapons
 p - a +2 flail of venom
 A - a +1 shortbow of flaming
 B - a +2 dagger of venom
 F - a +2 flail of protection
 G - a +2 vorpal spear
Missiles
 a - 191 arrows
Armour
 C - a +1 hat (melded)
Jewellery
 h - a ring of protection from cold (left front leg)
 j - a ring of magical power (right front leg)
 n - a ring of protection from magic (on tentacle)
 s - a ring of protection from fire (on tentacle)
 u - a +5 amulet of reflection (around neck)
 x - a +3 ring of protection (on tentacle)
 I - the ring "Tebos" (on tentacle) {rC+ AC+2}
   (You found it on level 10 of the Dungeon)

   [ring of protection]

   It affects your AC (+2).
   It protects you from cold.
Wands
 t - a wand of iceblast (5)
 z - a wand of flame (31)
 H - a wand of acid (8)
Scrolls
 b - 2 scrolls of teleportation
 d - a scroll of fog
 i - 2 scrolls of amnesia
 k - 7 scrolls of remove curse
 o - 3 scrolls of identify
 w - a scroll of magic mapping
 y - a scroll of blinking
 E - a scroll of enchant weapon
Potions
 e - 2 potions of mutation
 f - a potion of resistance
 l - 2 potions of brilliance
 m - 2 potions of might
 r - a potion of agility
 D - a potion of invisibility
Books
 v - a manual of Axes
Comestibles
 c - 15 rations
 g - 16 chunks of flesh


   Skills:
 * Level 6.8 Fighting
 + Level 5.5 Dodging
 + Level 6.0 Stealth
 + Level 9.4 Unarmed Combat
 + Level 5.5 Spellcasting
 + Level 5.1 Transmutations
 * Level 5.4 Ice Magic
 + Level 5.6 Poison Magic


You had 11 spell levels left.
You knew the following spells:

 Your Spells              Type           Power        Failure   Level  Hunger
a - Beastly Appendage     Tmut           ###...       8%          1    None
b - Sticks to Snakes      Tmut           ###.....     10%         2    #......
c - Spider Form           Tmut/Pois      ###.......   14%         3    ###....
d - Ice Form              Ice/Tmut       ###.....     34%         4    ####...

Your spell library contained the following spells:

 Spells                   Type           Power        Failure   Level  Hunger
 Magic Dart               Conj           #...         32%         1    None
 Mephitic Cloud           Conj/Pois/Air  ##......     41%         3    ###....
 Blink                    Tloc           N/A          43%         2    #......
 Call Imp                 Summ           #.......     43%         2    #......
 Slow                     Hex            #.......     43%         2    #......
 Conjure Flame            Conj/Fire      #.......     63%         3    ###....
 Blade Hands              Tmut           ###.......   67%         5    ######.
 Yara's Violent Unravell  Hex/Tmut       ##........   92%         5    ######.
 Cause Fear               Hex            #.........   93%         4    ####...
 Silence                  Hex/Air        #.........   99%         5    ######.
 Deflect Missiles         Chrm/Air       #.........   100%        6    #######
 Discord                  Hex            #.........   100%        8    #######


Dungeon Overview and Level Annotations

Branches:
Dungeon (10/15)            Temple (0/1) D:7            Lair (0/6) D:10
  Sewer (visited)
    Orc: D:9-12

Altars:
Cheibriados
Fedhas
Gozag
Hepliaklqana
Kikubaaqudgha
Nemelex Xobeh
Qazlal
Sif Muna
Trog
Uskayaw
Vehumet
Wu Jian

Shops:
D:4 =   D:9 %

Annotations:
D:5 2 runed translucent doors
D:8 2 transporters, Maimakterion's ghost, novice GnNe


Innate Abilities, Weirdness & Mutations

You cannot wear most types of armour.
You are very stealthy in the water. (Stealth+)
((You are amphibious.))
You can wear up to eight rings at the same time.
((You can use your tentacles to constrict eight enemies at once.))
((Your skin changes colour to match your surroundings (Stealth+).))
((Your rubbery body absorbs attacks. (AC +1, EV +1)))


Message History

You hit the troll but do no damage.
The troll is poisoned.
The troll misses you. The troll barely misses you.
You block the troll's attack.
You bite the troll!
The troll is moderately wounded.
You hear the quick creaking of a distant portcullis.
The troll completely misses you. x2; The troll claws you but does no damage.
You bite the troll!
The troll is heavily wounded.
The troll misses you. The troll claws you! x2
* * * LOW HITPOINT WARNING * * *
You bite the troll!
The troll is severely wounded.
The troll completely misses you. You block the troll's attack.
The troll claws you!
* * * LOW HITPOINT WARNING * * *
You hit the troll.
The troll is almost dead.
The troll misses you. The troll closely misses you. The troll claws you!
You die...

...#.#.###..............# #.#>..
##.#.#.# #.......[......# #...?.
...#.#.# #############+## ###...
.#.###.# #...# #... .#.....#
##.### #### ####'### #..# .....#
######'##### .#####
###..........### .#######
#.'..sT......'.####### .......#
#.#..........#..#....)
.......#####.#..........##.#....)
.......#.....#..........##.'.....
....<....#####..........###......
.......### ###'######## #.#####
###.#### #.## #.# <...# #..#
#.##### .#### ##.### .......


You could see a troll.

Vanquished Creatures
  A two-headed ogre (D:9)
  A hornet (D:9)
  Grinder (D:5)
  2 hippogriffs (D:9)
  7 yaks
  A water moccasin (D:9)
  An orc warrior (D:6)
  6 sky beasts
  2 phantoms
  4 ice beasts
  A necrophage (D:7)
  4 ogres
  4 centaurs
  A wolf (D:10)
  A crocodile (D:9)
  An elf zombie (D:9)
  8 bullfrogs
  5 scorpions
  A water moccasin skeleton (D:7)
  5 killer bees (D:9)
  2 wights (D:9)
  2 howler monkeys
  A centaur zombie (D:8)
  A bullfrog zombie (D:6)
  2 crimson imps
  9 hounds
  5 human zombies (D:9)
  6 orc wizards
  2 orc priests
  A bullfrog skeleton (D:8)
  A centaur skeleton (D:8)
  A human skeleton (D:9)
  An iguana (D:7)
  3 worker ants
  2 hound skeletons
  2 mummies (D:9)
  4 gnolls
  15 adders
  2 shadow imps
  An ooze (D:5)
  An adder skeleton (D:6)
  2 adder zombies
  8 worms
  4 dart slugs
  7 leopard geckos
  36 orcs
  11 giant cockroaches
  10 goblins
  6 hobgoblins
  11 jackals
  4 quokkas
  8 ball pythons
  12 bats
  8 frilled lizards
  A giant cockroach zombie (D:5)
  7 kobolds
  A leopard gecko zombie (D:5)
  An orc skeleton (D:9)
  7 rats
265 creatures vanquished.

Notes
Turn   | Place    | Note
-------+----------+-------------------------------------------
     0 | D:1      | BlueFish the Octopode Transmuter began the quest for the
                  | Orb.
     0 | D:1      | Reached XP level 1. HP: 13/13 MP: 3/3
   281 | D:1      | Reached XP level 2. HP: 15/18 MP: 3/5
   288 | D:1      | Learned a level 2 spell: Sticks to Snakes
  1263 | D:2      | Found an ornate altar of the Wu Jian Council.
  1263 | D:2      | Found a bloodstained altar of Trog.
  1280 | D:2      | Reached XP level 3. HP: 21/24 MP: 4/6
  1285 | D:2      | Learned a level 3 spell: Spider Form
  1643 | D:2      | Reached XP level 4. HP: 25/29 MP: 5/7
  1745 | D:2      | Reached skill level 1 in Stealth
  1745 | D:2      | Reached skill level 1 in Poison Magic
  2413 | D:2      | HP: 2/43 [poisoned by an adder]
  2421 | D:2      | HP: 1/43 [poisoned by an adder]
  3505 | D:3      | Reached XP level 5. HP: 34/35 MP: 8/8
  3834 | D:3      | Found a glowing drain.
  3849 | Sewer    | Entered a sewer
  4166 | Sewer    | Reached skill level 4 in Unarmed Combat
  4166 | Sewer    | Reached XP level 6. HP: 41/41 MP: 7/9
  4185 | Sewer    | Got an encrusted shortbow
  4797 | D:4      | Reached XP level 7. HP: 36/46 MP: 8/11
  5027 | D:4      | Found a snail-covered altar of Cheibriados.
  5399 | D:4      | Found Eduhot's Jewellery Shoppe.
  5738 | D:5      | Entered Level 5 of the Dungeon
  5754 | D:5      | Found a shimmering blue altar of Sif Muna.
  6033 | D:5      | Found an opulent altar of Gozag.
  6194 | D:5      | Reached skill level 5 in Unarmed Combat
  6238 | D:5      | Reached XP level 8. HP: 35/54 MP: 11/13
  6249 | D:5      | Learned a level 4 spell: Ice Form
  6293 | D:5      | Found a hazy altar of Hepliaklqana.
  6474 | D:5      | Found a runed translucent door.
  6475 | D:5      | Found a runed translucent door.
  6489 | D:5      | Noticed Grinder
  6515 | D:5      | Killed Grinder
  6515 | D:5      | Reached skill level 1 in Ice Magic
  6663 | D:5      | Found a sparkling altar of Nemelex Xobeh.
  6985 | D:6      | Reached skill level 6 in Unarmed Combat
  7266 | D:6      | Found a hide-covered altar of Uskayaw.
  7341 | D:6      | Reached XP level 9. HP: 52/59 MP: 14/14
  7554 | D:6      | Identified 2 scrolls of acquirement
  7555 | D:6      | Identified the Grimoire of Bewitching Combat Magic (You
                  | acquired it on level 6 of the Dungeon)
  7870 | D:7      | Reached skill level 5 in Fighting
  7881 | D:7      | Reached skill level 7 in Unarmed Combat
  8151 | D:7      | Found a staircase to the Ecumenical Temple.
  8750 | D:8      | Noticed Maimakterion's ghost (novice GnNe)
  8751 | D:8      | Found a transporter.
  8751 | D:8      | Identified the +6 dire flail of Trauma {vorpal, *Noise MR+
                  | Str+2}
  8751 | D:8      | Noticed a two-headed ogre
  8755 | D:8      | Found a transporter.
  9014 | D:8      | Found a stormy altar of Qazlal.
  9262 | D:9      | Noticed a two-headed ogre
  9272 | D:9      | Killed a two-headed ogre
  9272 | D:9      | Reached skill level 8 in Unarmed Combat
  9272 | D:9      | Reached skill level 5 in Poison Magic
  9272 | D:9      | Reached XP level 10. HP: 53/68 MP: 17/17
  9318 | D:9      | Found an ancient bone altar of Kikubaaqudgha.
  9356 | D:9      | Reached skill level 5 in Stealth
  9486 | D:9      | Noticed a two-headed ogre
 10405 | D:9      | Reached skill level 5 in Spellcasting
 10496 | D:9      | Found an ancient bone altar of Kikubaaqudgha.
 10604 | D:9      | Found a blossoming altar of Fedhas.
 11059 | D:9      | Found a radiant altar of Vehumet.
 11172 | D:9      | Reached skill level 5 in Dodging
 11172 | D:9      | Reached skill level 5 in Ice Magic
 11174 | D:9      | Reached skill level 5 in Transmutations
 11364 | D:9      | Found Siyp's Food Shoppe.
 11391 | D:9      | Reached skill level 9 in Unarmed Combat
 11473 | D:10     | Entered Level 10 of the Dungeon
 11799 | D:10     | Got a shimmering granite ring
 11800 | D:10     | Identified the ring "Tebos" {rC+ AC+2} (You found it on
                  | level 10 of the Dungeon)
 11867 | D:10     | Reached XP level 11. HP: 20/74 MP: 19/19
 11956 | D:10     | Found a staircase to the Lair.
 12004 | D:10     | Slain by a troll

Levels and vault maps discovered:
D:1:      nzn_arrival_crosshair, layout_basic
D:2:      layout_basic, gammafunk_temple_overflow_wave, minmay_joined_circles
D:3:      layout_loops_ring, cheibrodos_sewer_entry_bend, minmay_misc_feat_tower
D:4:      layout_loops_ring, lemuel_round_altar, first_ration, serial_shops,
          nicolae_shop_stone
D:5:      lemuel_insect_pit, layout_basic, nemelex_xobeh_ov_fountains_minmay,
          lemuel_round_altar, hangedman_feature_mirror, uniq_grinder
D:6:      lemuel_upstairs_altar, layout_basic, eat_drink_and_be_merry_uskayaw,
          chequers_serial_rivers_micro_d, minmay_manual_moon
D:7:      layout_rooms, temple_fountains, grunt_ministairs_6, grunt_tough_drop
D:8:      layout_loops_ring, lemuel_doored_altar, gammafunk_ghost_smash
D:9:      layout_gridville, fedhas_altar_4, kiku_gazebo_garden_becter,
          vehumet_altar_wand_db, serial_shops, shop, grunt_ogre_cave,
          lemuel_mausoleum_altar_kikubaaqudgha
D:10:     layout_roguey, erik_lair_island, erik_orc_1, enter_bailey_3,
          uniq_fannar

Skill      XL: |  1  2  3  4  5  6  7  8  9 10 |
---------------+-------------------------------+-----
Fighting       | 2 3 4 5 6 |  6.8
Stealth        | 1 2 3 4 6 |  6.0
Poison Magic   | 1 2 3 4 5 |  5.6
Unarmed Combat | 4 5 6 8 9 |  9.4
Transmutations | 3 4 5 |  5.1
Spellcasting   | 3 4 5 |  5.5
Dodging        | 3 4 5 |  5.5
Ice Magic      | 2 4 5 |  5.4

Action                   |  1- 3 |  4- 6 |  7- 9 | 10-12 || total
-------------------------+-------+-------+-------+-------++-------
Melee: Unarmed           |    84 |   169 |   295 |   307 ||   855
       Constrict         |    24 |    32 |    19 |    13 ||    88
       Kick              |    19 |    29 |    28 |    17 ||    93
       Tentacles         |     8 |    17 |    17 |    17 ||    59
       Punch             |     1 |     2 |     1 |     9 ||    13
 Cast: Beastly Appendage |    14 |    26 |    22 |     6 ||    68
       Spider Form       |     1 |     7 |    23 |    24 ||    55
       Sticks to Snakes  |       |       |     2 |       ||     2
  Use: Scroll            |       |     9 |     9 |     3 ||    21
       Potion            |       |     3 |     2 |     6 ||    11
 Stab: Sleeping          |     3 |     4 |     7 |     9 ||    23
  Eat: Chunk             |     3 |     7 |    16 |    10 ||    36
       Ration            |       |     1 |       |       ||     1
Armor: Skin              |    11 |     6 |    10 |    20 ||    47
Dodge: Dodged            |    60 |   107 |   189 |   241 ||   597
Block: Other             |       |       |    15 |    61 ||    76

Table legend:
 A = Non-vault XP
 B = Vault XP
 C = Vault XP percentage of total XP
 D = Non-vault monster count
 E = Vault monster count
 F = Vault count percentage of total count
                 A         B        C        D         E       F
            +---------+---------+-------+---------+---------+-------
      Total |    8339 |    1891 |  18.5 |     204 |      61 |  23.0
            +---------+---------+-------+---------+---------+-------
        D:1 |      32 |       0 |   0.0 |      19 |       0 |   0.0
        D:2 |      86 |      27 |  23.9 |      21 |      13 |  38.2
        D:3 |      77 |      10 |  11.5 |      26 |       2 |   7.1
        D:4 |     473 |       0 |   0.0 |      19 |       0 |   0.0
        D:5 |     478 |     314 |  39.6 |      20 |       2 |   9.1
        D:6 |     865 |     250 |  22.4 |      24 |       2 |   7.7
        D:7 |     366 |     131 |  26.4 |       6 |       4 |  40.0
        D:8 |    1124 |       0 |   0.0 |      19 |       0 |   0.0
        D:9 |    2964 |     633 |  17.6 |      28 |      14 |  33.3
       D:10 |    1874 |     284 |  13.2 |      22 |       5 |  18.5
      Sewer |       0 |     242 | 100.0 |       0 |      19 | 100.0
            +---------+---------+-------+---------+---------+-------
